 Dungeon Crawl Stone Soup version 0.30-a0-949-g53dc5368d7 (webtiles) character file.

Game seed: 10518880487606683906

116 NinjaNoafa the Conjurer (level 4, -4/33 HPs)
             Began as a Draconian Conjurer on Mar 27, 2023.
             Slain by Sigmund
             ... wielding a +1 heavy scythe
              (13 damage)
             ... on level 3 of the Dungeon.
             The game lasted 00:05:25 (2721 turns).

NinjaNoafa the Conjurer (Draconian Conjurer)        Turns: 2721, Time: 00:05:26

Health: -4/33      AC:  7    Str: 15    XL:     4   Next: 69%
Magic:  1/9        EV: 12    Int: 26    God:
Gold:   180        SH:  0    Dex: 10    Spells: 7/10 levels left

rFire   + . .      SeeInvis .    c - staff of fire
rCold   . . .      Faith    .    (no shield)
rNeg    . . .      Spirit   .    (body armour unavailable)
rPois   .          Reflect  .    (helmet restricted)
rElec   .          Rampage  .    (no cloak)
rCorr   .                        p - +0 pair of gloves
Will    .....                    b - +0 pair of boots
Stlth   ++                       (no amulet)
HPRegen 0.25/turn                a - +6 ring of strength
MPRegen 0.11/turn                i - +6 ring of intelligence

@: flying
A: AC +5, unfitting armour, cold-blooded
a: no special abilities


You were on level 3 of the Dungeon.
You visited 1 branch of the dungeon, and saw 3 of its levels.

You collected 180 gold pieces.

Inventory:

Missiles
 q - 4 poisoned darts (quivered)
Armour
 b - a +0 pair of boots (worn)
 p - a +0 pair of gloves (worn)
Magical Staves
 c - a staff of fire (weapon)
Jewellery
 a - a +6 ring of strength (left hand)
 i - a +6 ring of intelligence (right hand)
Scrolls
 g - a scroll of torment {unknown}
 h - a scroll of fear {unknown}
 j - a scroll of blinking {unknown}
 k - 2 scrolls of amnesia {unknown}
 l - a scroll of fog {unknown}
 m - a scroll of enchant armour {unknown}
 n - 2 scrolls of teleportation {unknown}
 o - 2 scrolls of poison {unknown}
Potions
 d - a potion of brilliance {unknown}
 e - a potion of curing
 f - 2 potions of flight


   Skills:
 - Level 1.7 Dodging
 - Level 1.7 Stealth
 + Level 3.7 Spellcasting
 - Level 5.0 Conjurations


You had 7 spell levels left.
You knew the following spells:

 Your Spells              Type           Power      Damage    Failure   Level
a - Searing Ray           Conj           60%        2d6       1%          2
b - Magic Dart            Conj           100%       1d8       1%          1

Your spell library contained the following spells:

 Spells                   Type           Power      Damage    Failure   Level
 Dazzling Flash           Conj/Hex       34%        N/A       10%         3
 Hailstorm                Conj/Ice       17%        3d6       10%         3
 Fulminant Prism          Conj/Hex       8%         3d6       30%         4
 Iskenderun's Mystic Bla  Conj/Tloc      17%        2d5       30%         4
 Ice Form                 Ice/Tmut       4%         N/A       65%         4
 Agony                    Necr           4%         N/A       94%         5
 Silence                  Hex/Air        2%         N/A       94%         5
 Simulacrum               Ice/Necr       2%         N/A       100%        6


Dungeon Overview and Level Annotations

Branches:
Dungeon (3/15)

Altars:

Shops:
D:3 [

Annotations:
D:3 Sigmund


Innate Abilities, Weirdness & Mutations

Your plain brown scales are hard. (AC +5)
You cannot fit into any form of body armour.
You are cold-blooded and may be slowed by cold attacks.


Message History

You escape the ball python's grasp.
The ball python attacks as you move away!
The ball python closely misses you. The ball python barely misses you.
Things that are here:
a +0 club; a goblin corpse Sigmund appears from thin air!
Reactivating autopickup.
Sigmund casts a spell.
Sigmund flickers and vanishes!
Deactivating autopickup; reactivate with Ctrl-A.
Casting: Searing Ray (safe; 1% risk of failure)
Confirm with . or Enter, or press ? or * to list all spells.
Aiming: Searing Ray (safe; 1% risk of failure)
Press: ? - help, Shift-Dir - straight line The searing ray hits the ball python.
You kill the ball python!
The searing ray misses the hobgoblin. (Press . to maintain the ray.)
The searing ray misses the hobgoblin.
The searing ray hits the hobgoblin!
You kill the hobgoblin!
The searing ray hits something.
Something hits you but does no damage.
Things that are here:
a +0 club; a goblin corpse You miss something.
Your tail-slap misses something.
Something hits you!
* * * LOW HITPOINT WARNING * * *
You feel better.
Okay, then.
Okay, then.
Throw: 5 darts (poison)
Press: ? - help, Q - select action, (/) - cycle Shift-Dir - straight line You throw a poisoned dart.
Something hits you!
* * * LOW HITPOINT WARNING * * *
You feel better.
It was a potion of flight.
You feel very buoyant.
You fly up into the air.
Something hits you!
You die...

### # #.# #############
###########.# #............
#...........# #.###########
#.#########.# #.# # #.# #.# #.# #
######'#### #@# #.# # ..........#
#{####.########### ..........#
#.#............... ..........#
#.##.#.###########
..........######.##.#.#.........#
.............................)...
..........>......##.#...#######.#
..........###.#####.#<#########.#
..........# #.# #.#...........#


There were no monsters in sight!

Vanquished Creatures
  Terence (D:3)
  3 adders
  An orc (D:2)
  8 endoplasms
  2 giant cockroaches
  7 hobgoblins
  5 jackals (D:1)
  4 kobolds
  A quokka (D:1)
  5 ball pythons
  5 bats
  5 frilled lizards
  7 goblins
  6 rats
60 creatures vanquished.

Notes
Turn   | Place    | Note
-------+----------+-------------------------------------------
     0 | D:1      | NinjaNoafa the Draconian Conjurer began the quest for the
                  | Orb.
     0 | D:1      | Reached XP level 1. HP: 14/14 MP: 3/3
   122 | D:1      | Reached XP level 2. HP: 20/20 MP: 3/5
   128 | D:1      | Learned a level 2 spell: Searing Ray
   677 | D:1      | Reached skill level 5 in Conjurations
   692 | D:1      | Reached XP level 3. HP: 26/26 MP: 1/6
  1292 | D:2      | Found a faded altar of an unknown god.
  1639 | D:2      | Reached XP level 4. HP: 33/33 MP: 3/8
  2280 | D:3      | Noticed Terence
  2324 | D:3      | Killed Terence
  2551 | D:3      | Found Mireunli's Antique Armour Boutique.
  2655 | D:3      | Noticed Sigmund
  2721 | D:3      | Slain by Sigmund

Illustrated notes

Levels and vault maps discovered:
D:1:      dpeg_arrival_simpleton_c, layout_loops_corners
D:2:      layout_basic, basic_ecumenical_altar
D:3:      layout_basic, serial_shops, shop, dk_noncrumbling_4, uniq_terence,
          uniq_sigmund

Skill      XL: |  1  2  3 |
---------------+----------+-----
Conjurations   | 5 |  5.0
Spellcasting   | 3 |  3.7
Dodging        | |  1.7
Stealth        | |  1.7

Action                     |  1- 3 |  4- 6 || total
---------------------------+-------+-------++-------
  Melee: Unarmed           |    14 |       ||    14
         Tailslap          |     3 |       ||     3
         Staff             |    27 |     3 ||    30
  Throw: Dart              |       |     1 ||     1
   Cast: Magic Dart        |    66 |     8 ||    74
         Searing Ray       |    10 |    10 ||    20
    Use: Potion            |     1 |     4 ||     5
   Stab: Sleeping          |     1 |       ||     1
 Armour: Skin              |    26 |     6 ||    32
  Dodge: Dodged            |    54 |    19 ||    73

Table legend: (Time is in decaauts)
 A = Elapsed time spent in this place.
 B = Non-inter-level travel time spent in this place.
 C = Inter-level travel time spent in this place.
 D = Time resting spent in this place.
 E = Time spent auto-exploring this place.
 F = Levels seen in this place.
 G = Mean time per level.
                   A        B        C        D        E       F      G
               +--------+--------+--------+--------+--------+-----+--------+
         Total |   2725 |   2635 |     90 |      0 |   1665 |   3 |  908.3 |
       Dungeon |   2725 |   2635 |     90 |      0 |   1665 |   3 |  908.3 |
               +--------+--------+--------+--------+--------+-----+--------+

Top non-repeatable levels by time:
     D:1: 1009 daAuts
     D:2: 925 daAuts
     D:3: 790 daAuts
